 Dungeon Crawl Stone Soup version 0.27.1-33-g824d729ab1 (webtiles) character file.

Game seed: 14068847221305328989

331 barney the Changer (level 6, 0/47 HPs)
             Began as a Draconian Transmuter on Dec 20, 2021.
             Succumbed to a kobold brigand's curare-tipped dart
             ... on level 4 of the Dungeon.
             The game lasted 00:03:17 (4522 turns).

barney the Changer (Draconian Transmuter)           Turns: 4522, Time: 00:03:17

Health: 0/47       AC:  6    Str: 12    XL:     6   Next: 26%
Magic:  9/9        EV: 12    Int: 16    God:
Gold:   54         SH:  0    Dex: 11    Spells: 3/9 levels left

rFire    . . .     SeeInvis .   f - +5 dagger
rCold    . . .     Faith    .   (no shield)
rNeg     . . .     Spirit   .   (armour unavailable)
rPois    .         Reflect  .   (helmet currently unavailable)
rElec    .         Harm     .   (no cloak)
rCorr    .         Rampage  .   (no gloves)
Will     .....                  (boots currently unavailable)
Stlth    +.........             (no amulet)
HPRegen  0.15/turn              (no ring)
MPRegen  0.11/turn              (no ring)

@: lethally poisoned (0 -> -17), appendages (expiring), slowed, very slow
A: horns 2, talons 2, AC +6, unfitting armour, cold-blooded
a: End Transformation


You were on level 4 of the Dungeon.
You had temporarily grown beastly horns and talons.
You visited 1 branch of the dungeon, and saw 4 of its levels.

You collected 54 gold pieces.

Inventory:

Hand Weapons
 f - a +5 dagger (weapon)
 g - a +2 antimagic spear
Jewellery
 k - a +6 ring of dexterity
Scrolls
 a - 7 scrolls of identify
 b - a scroll of teleportation
 p - a scroll of fear {unknown}
Potions
 c - a potion of magic {unknown}
 d - a potion of heal wounds
 e - 2 potions of curing
 h - a potion of invisibility {unknown}
 i - a potion of might {unknown}
 l - a potion of haste {unknown}
 m - a potion of ambrosia {unknown}
 n - a potion of degeneration {unknown}
 o - a potion of attraction {unknown}


   Skills:
 - Level 1.1 Fighting
 - Level 1.7 Dodging
 - Level 3.0 Unarmed Combat
 - Level 2.0 Spellcasting
 + Level 6.7 Transmutations


You had 3 spell levels left.
You knew the following spells:

 Your Spells              Type           Power      Damage    Failure   Level
a - Beastly Appendage     Tmut           46%        N/A       1%          1
b - Spider Form           Tmut/Pois      6%         N/A       16%         3
c - Wereblood             Tmut           23%        N/A       1%          2

Your spell library contained the following spells:

 Spells                   Type           Power      Damage    Failure   Level
 Ice Form                 Ice/Tmut       12%        N/A       45%         4


Dungeon Overview and Level Annotations

Branches:
Dungeon (4/15)
 Temple: D:4-7

Altars:


Innate Abilities, Weirdness & Mutations

You have temporarily grown beastly horns and talons.
Your plain brown scales are hard. (AC +6)
You cannot fit into any form of body armour.
You are cold-blooded and may be slowed by cold attacks.


Message History

There is a stone staircase leading down here.
You climb downwards.
There is a stone staircase leading up here.
A goblin is nearby!
A goblin is nearby!
A goblin is nearby!
Casting: Beastly Appendage (safe; 1% risk of failure)
Confirm with . or Enter, or press ? or * to list all spells.
You grow a pair of large bovine horns.
Your feet morph into talons.
You hit the goblin.
You kill the goblin!
Magic restored.
Things that are here:
a +0 club; a goblin corpse No target in view!
Found a scroll labelled KIYQIN YPEAMY.
No target in view!
p - a scroll labelled KIYQIN YPEAMY No target in view!
Your transformation is almost over.
A kobold brigand comes into view.
It is wielding a +0 club and quivering curare-tipped darts.
The kobold brigand shouts!
The kobold brigand throws a curare-tipped dart.
The curare-tipped dart hits you.
You are poisoned.
You have difficulty breathing.
You feel yourself slow down.
Okay, then.
As you read the scroll of fog, it crumbles to dust.
The scroll dissolves into smoke.
You feel extremely sick.
The kobold brigand throws a curare-tipped dart.
The curare-tipped dart hits you.
You are lethally poisoned!
You have difficulty breathing.
You feel as though you will be slow longer.
* * * LOW HITPOINT WARNING * * *
You feel extremely sick.
* * * LOW HITPOINT WARNING * * *
You feel extremely sick.
You die...

#...## ..
##.#..#...
###...#...
#..§..§.. #.
#§§§# #. #§# #.
#§# #. ##§##
#.##@..##
######.#.....#
.............#
########.....###
#.............
#.######.......
#.)<.....#####.
#.######.# #.#
.#


There were no monsters in sight!

Vanquished Creatures
  An ogre (D:3)
  A water moccasin zombie (D:3)
  Jessica (D:3)
  Robin (D:3)
  4 adders
  4 gnolls
  2 worms
  7 bats
  7 endoplasms
  6 hobgoblins
  2 jackals (D:1)
  5 quokkas
  4 ball pythons
  4 frilled lizards
  15 goblins
  2 kobolds
  6 rats
72 creatures vanquished.

Notes
Turn   | Place    | Note
-------+----------+-------------------------------------------
     0 | D:1      | barney the Draconian Transmuter began the quest for the
                  | Orb.
     0 | D:1      | Reached XP level 1. HP: 16/16 MP: 3/3
   102 | D:1      | Found a faded altar of an unknown god.
   354 | D:1      | Reached XP level 2. HP: 23/23 MP: 3/5
   414 | D:1      | Reached skill level 3 in Transmutations
   827 | D:2      | Reached XP level 3. HP: 20/28 MP: 4/6
   849 | D:2      | Learned a level 3 spell: Spider Form
   852 | D:2      | Learned a level 2 spell: Wereblood
  1261 | D:2      | Reached skill level 4 in Transmutations
  1503 | D:2      | Reached XP level 4. HP: 35/35 MP: 3/7
  2848 | D:3      | Noticed Jessica
  2855 | D:3      | Killed Jessica
  2856 | D:3      | Reached skill level 5 in Transmutations
  2986 | D:3      | Reached XP level 5. HP: 40/40 MP: 4/8
  3000 | D:3      | Noticed Robin
  3002 | D:3      | Killed Robin
  3091 | D:3      | Noticed an ogre
  3095 | D:3      | Killed an ogre
  3096 | D:3      | Reached skill level 6 in Transmutations
  3335 | D:3      | Reached XP level 6. HP: 20/47 MP: 9/9
  4522 | D:4      | Succumbed to a kobold brigand's curare-tipped dart

Illustrated notes

Levels and vault maps discovered:
D:1:      roderic_crossed_star, layout_rooms, basic_ecumenical_altar,
          chequers_serial_rivers_micro_a
D:2:      layout_loops_ring
D:3:      minmay_inner_zag, layout_rooms, minmay_pentangle, uniq_robin,
          uniq_jessica
D:4:      layout_loops_ring, mainiacjoe_overflow_alcove_2,
          minmay_temple_entry_waves, biasface_ghost_orc_armoury

Skill      XL: |  1  2  3  4  5 |
---------------+----------------+-----
Transmutations | 3 4 5 6 |  6.7
Fighting       | |  1.1
Dodging        | |  1.7
Unarmed Combat | |  3.0
Spellcasting   | |  2.0

Action                   |  1- 3 |  4- 6 || total
-------------------------+-------+-------++-------
Melee: Unarmed           |    24 |     3 ||    27
       Kick              |     7 |    10 ||    17
       Dagger            |    21 |   130 ||   151
       Spear             |    15 |       ||    15
       Headbutt          |     4 |    11 ||    15
       Tailslap          |     2 |     6 ||     8
       Punch             |       |     5 ||     5
 Cast: Beastly Appendage |    13 |    18 ||    31
       Spider Form       |     3 |     1 ||     4
       Wereblood         |       |     9 ||     9
  Use: Scroll            |       |     3 ||     3
       Potion            |       |     2 ||     2
 Stab: Sleeping          |       |     1 ||     1
Armor: Skin              |    17 |    35 ||    52
Dodge: Dodged            |    50 |    88 ||   138
